Map: Eternal Empire LE

Players

ViBE

  • Race: Zerg Zerg
  • League: Grandmaster
  • Spawn Location: 1:00

BerryRAWR - Winner!

  • Race: Terran Terran
  • League: Grandmaster
  • Spawn Location: 7:00

VOD

Have the link to the VOD?

Description

Time

  • Played on: Feb. 7, 2020, 2:24 a.m.
  • Length: 12:50
Show
View Real Time Build Order
Export as new Build Order

ViBE Zerg 

Build Orders: Hatch First 

Get SALT Encoding   

  12  0:00  Drone  
  13  0:13  Overlord  
  13  0:17  Drone  
  14  0:31  Drone  
  14  0:32  Drone  
  16  0:42  Drone  
  17  0:52  Hatchery  
  17  0:56  Drone  
  17  1:00  Drone  
  18  1:10  Extractor  
  17  1:14  Spawning Pool  
  17  1:18  Drone  
  17  1:22  Drone  
  18  1:29  Drone  
  19  1:40  Drone  
  20  1:52  Overlord  
  20  2:01  Queen  
  20  2:04  Zergling x2  
  20  2:05  Zergling x2, Queen  
  26  2:20  Hatchery  
  25  2:25  Metabolic Boost  
  25  2:28  Drone  
  26  2:31  Drone  
  27  2:38  Drone x2  
  27  2:41  Drone  
  30  2:47  Drone  
  31  2:53  Queen  
  31  2:54  Drone  
  34  3:00  Overlord  
  34  3:18  Drone x2  
  34  3:19  Drone x5  
  41  3:27  Overlord  
  41  3:34  Queen x2  
  41  3:36  Overlord  
  41  3:39  Overlord  
  45  3:42  Drone  
  45  3:43  Zergling x2  
  47  3:54  Zergling x6  
  47  3:55  Roach Warren  
  49  3:59  Spore Crawler  
  48  4:04  Spore Crawler  
  48  4:05  Spore Crawler  
  46  4:11  Spore Crawler  
  46  4:12  Overlord  
  45  4:17  Drone x2  
  45  4:23  Drone  
  45  4:24  Drone x6  
  54  4:30  Overlord  
  54  4:41  Roach x4  
  54  4:43  Drone x3  
  65  4:46  Drone  
  66  4:53  Lair  
  66  4:54  Drone  
  66  4:55  Drone x2  
  69  5:04  Drone  
  69  5:05  Drone x5  
  69  5:06  Roach  
  76  5:25  Drone x5  
  80  5:29  Drone  
  80  5:30  Drone  
  80  5:32  Overlord x2  
  80  5:33  Overlord  
  82  5:44  Extractor x2, Queen  
  82  5:45  Extractor  
  82  5:49  Drone  
  82  5:50  Queen  
  82  5:52  Overseer  
  82  5:56  Hatchery  
  83  5:57  Extractor  
  83  6:00  Evolution Chamber x2, Baneling Nest  
  83  6:02  Extractor  
  78  6:06  Drone  
  78  6:07  Drone x7  
  84  6:21  Drone  
  84  6:22  Drone  
  84  6:23  Hydralisk Den, Drone x5  
  84  6:24  Drone x2  
  89  6:25  Drone  
  89  6:26  Drone  
  90  6:35  Drone  
  90  6:39  Hatchery  
  90  6:44  Zergling x12  
  96  6:47  Centrifical Hooks  
  96  6:48  Zerg Melee Weapons Level 1  
  96  6:54  Overlord x2  
  96  6:55  Overlord  
  96  6:57  Zerg Ground Armor Level 1  
  96  6:58  Zergling x4  
  98  7:07  Overlord x5  
  98  7:09  Grooved Spines  
  98  7:23  Zergling x2  
  98  7:24  Zergling x20  
  109  7:30  Baneling x11  
  109  7:31  Baneling x4  
  107  7:49  Drone  
  107  7:50  Drone x8  
  112  7:53  Overseer  
  107  8:17  Drone x8  
  107  8:18  Drone  
  107  8:19  Drone  
  113  8:20  Muscular Augments  
  113  8:23  Spore Crawler  
  112  8:28  Infestation Pit  
  112  8:29  Hydralisk  
  112  8:30  Hydralisk x10  
  133  8:57  Hydralisk x8  
  149  9:03  Drone x11  
  160  9:23  Extractor, Drone x4  
  163  9:25  Extractor  
  163  9:27  Hive  
  163  9:29  Zergling x8  
  163  9:30  Zergling x6  
  169  9:31  Overlord  
  169  9:34  Hatchery  
  169  9:37  Zergling x8  
  148  10:04  Zergling x26  
  148  10:05  Zergling x6  
  158  10:14  Zerg Ground Armor Level 2  
  158  10:15  Zerg Melee Weapons Level 2  
  154  10:25  Baneling Nest  
  146  10:46  Drone  
  146  10:47  Drone x14  
  160  10:50  Adrenal Glands  
  160  10:51  Ultralisk Cavern  
  154  11:11  Zergling x2  
  154  11:12  Zergling x22  
  162  11:24  Unknown  
  162  11:25  Drone x3  
  164  11:30  Zergling x12  
  164  11:32  Baneling x10  
  170  11:33  Baneling x12  
  170  11:35  Hatchery  
  169  11:45  Baneling x3  
  169  11:46  Baneling  
  169  11:49  Zergling x24  
  116  12:04  Zergling x2  
  116  12:05  Zergling x18  
  114  12:11  Baneling x8  
  113  12:15  Baneling  
  113  12:16  Baneling x10  
  113  12:28  Zergling x24  
Show
View Real Time Build Order
Export as new Build Order

BerryRAWR Terran - Winner!

Build Orders: Gas First Reaper Expand, Hellion Banshee 

Get SALT Encoding   

  12  0:02  SCV  
  13  0:14  SCV  
  14  0:19  Supply Depot  
  14  0:26  SCV  
  15  0:29  Refinery  
  15  0:41  SCV  
  16  0:46  Barracks  
  16  0:53  SCV  
  17  1:05  SCV  
  18  1:21  SCV  
  19  1:33  Orbital Command, Reaper  
  20  1:45  Command Center  
  20  1:55  Factory  
  20  1:59  SCV  
  21  2:09  Barracks Reactor  
  21  2:11  SCV  
  21  2:15  Supply Depot  
  22  2:18  Refinery  
  22  2:23  SCV  
  23  2:37  SCV  
  24  2:44  Starport  
  24  2:49  SCV  
  25  2:52  Hellion x2  
  25  2:55  Barracks Tech Lab  
  29  3:00  Orbital Command  
  29  3:02  SCV  
  30  3:14  SCV, Hellion  
  30  3:15  Hellion  
  35  3:26  SCV, Cloaking Field  
  36  3:30  Marine  
  36  3:32  Banshee  
  40  3:39  SCV  
  41  3:41  Supply Depot  
  41  3:44  Hellion  
  41  3:46  SCV  
  44  3:50  Hellion  
  46  4:03  SCV x2  
  48  4:12  Hellion  
  48  4:13  Hellion  
  48  4:14  Armory  
  48  4:15  SCV  
  53  4:18  Supply Depot  
  53  4:22  SCV  
  54  4:39  Banshee  
  54  4:40  SCV x2  
  54  4:41  Supply Depot  
  59  4:47  Barracks Tech Lab  
  59  4:50  Command Center  
  59  4:52  SCV x2, Factory Reactor  
  61  5:04  Supply Depot  
  61  5:09  SCV x2  
  61  5:13  Barracks  
  63  5:15  Barracks, Engineering Bay  
  63  5:16  Engineering Bay  
  61  5:21  SCV  
  61  5:28  SCV  
  57  5:29  Marine  
  57  5:30  Stimpack  
  57  5:33  SCV, Starport Reactor  
  54  5:40  SCV, Siege Tank  
  54  5:44  Bunker x2  
  54  5:45  SCV  
  54  5:47  Marine  
  55  5:53  SCV, Terran Infantry Weapons Level 1, Terran Infantry Armor Level 1  
  56  5:57  SCV  
  59  6:05  SCV, Orbital Command  
  59  6:09  SCV  
  59  6:11  Barracks  
  59  6:19  Marine x3  
  59  6:23  SCV x2  
  62  6:26  Marine  
  62  6:27  Marine  
  67  6:34  SCV  
  67  6:35  SCV  
  67  6:36  Refinery x2  
  67  6:37  Marine x2  
  71  6:43  Marine, Orbital Command  
  71  6:44  Marine x2  
  71  6:45  Siege Tank  
  74  6:52  SCV x2  
  74  6:53  Barracks  
  76  6:54  Marine  
  76  6:58  Marine  
  76  6:59  Barracks Reactor  
  76  7:01  Marine  
  78  7:02  Marine x2  
  78  7:04  SCV  
  78  7:05  SCV  
  83  7:08  Medivac  
  83  7:10  SCV  
  86  7:16  SCV  
  86  7:17  SCV, Supply Depot x2, Siege Tank  
  86  7:18  Marine x2  
  86  7:21  Terran Vehicle Weapons Level 1  
  93  7:34  Supply Depot  
  93  7:38  Marine x7, SCV x3, Medivac x2  
  107  7:50  SCV x2  
  109  7:53  Supply Depot  
  109  7:55  SCV  
  109  7:56  Marine x2  
  109  7:57  Marine, Supply Depot  
  109  7:58  Marine x3, Factory  
  114  7:59  Marine  
  114  8:00  Barracks Reactor  
  114  8:03  Refinery x2  
  117  8:14  Marine x2, SCV x3  
  117  8:15  Marine  
  117  8:18  Medivac  
  117  8:19  Medivac  
  127  8:20  Combat Shield  
  127  8:21  Marine x4  
  127  8:25  Command Center  
  127  8:26  SCV x2, Supply Depot  
  133  8:29  Supply Depot  
  133  8:30  Supply Depot  
  133  8:39  Terran Infantry Weapons Level 2  
  133  8:45  Marine, SCV x2  
  133  8:47  Marine x2  
  133  8:48  Marine, SCV, Siege Tank  
  140  8:52  Supply Depot  
  140  8:57  Marine x2  
  140  9:02  Marine x2  
  142  9:03  Marine x2, Terran Infantry Armor Level 2  
  142  9:08  Factory Tech Lab  
  146  9:15  Supply Depot  
  146  9:17  Terran Vehicle Weapons Level 2  
  146  9:18  Marine x2  
  146  9:19  Marine x3, Supply Depot  
  146  9:20  Marine, Barracks x3, Siege Tank  
  146  9:21  Marine, Supply Depot  
  146  9:22  Marine  
  157  9:31  Marine  
  155  9:52  Siege Tank  
  155  9:53  Reaper  
  155  9:55  Siege Tank  
  155  9:56  Marine, Marauder  
  155  10:02  Medivac  
  155  10:03  Medivac  
  158  10:07  Marine x3, Barracks Tech Lab x2  
  158  10:08  Barracks Tech Lab  
  160  10:19  Marine x2  
  160  10:20  Marine x3  
  158  10:24  Marine  
  158  10:25  Marine  
  158  10:27  Siege Tank  
  162  10:29  Concussive Shells, Marauder x3  
  162  10:30  Marine x2  
  158  10:37  Marine x2  
  158  10:38  Marine x2  
  158  10:39  Marauder  
  158  10:42  Marine, Siege Tank  
  163  10:43  Marine  
  163  10:48  Marine x2  
  157  10:50  Marine, Medivac x2  
  157  10:51  Marauder x2  
  157  10:55  Marine x3  
  157  10:56  Marine  
  170  10:59  Siege Tank  
  170  11:00  Marine x2, Marauder  
  177  11:05  Marine x2  
  177  11:08  Marine  
  180  11:11  Marine  
  180  11:12  Marine  
  180  11:13  Marine x3  
  180  11:14  Siege Tank  
  180  11:17  Marine  
  180  11:18  Marine x2  
  187  11:21  Marauder  
  187  11:23  Marine x2  
  193  11:26  Marine  
  193  11:27  Planetary Fortress  
  193  11:29  Marine x2  
  193  11:31  Siege Tank  
  199  11:37  Command Center  
  199  11:49  Marine  
  193  11:59  Siege Tank  
  193  12:00  Marine, Marauder  
  193  12:01  Marine x2, Marauder  
  155  12:03  Siege Tank  
  155  12:04  Marine  
  155  12:05  Marine x4, Marauder  
  155  12:06  Marine  
  160  12:17  Marine  
  160  12:18  Marine  
  160  12:19  Marine  
  160  12:22  Marine x2, Marauder x2  
  168  12:23  Marauder  
  171  12:32  Marine x3  
Tags
 
Add a new tag
Caveats
  • Supply blocks, unpowered buildings, or Contaminate may cause inaccurate times.
  • Supply counts are checked every 10 seconds.